 Dungeon Crawl Stone Soup version 0.17.0-7-gfadd4cc (console) character file.

56 gw the Cudgeler (level 3, -5/37 HPs)
             Began as an Ogre Gladiator on Nov 8, 2015.
             Slain by Terence
             ... wielding a +4 trident of venom
              (6 damage)
             ... on level 2 of the Dungeon.
             The game lasted 00:01:15 (1649 turns).

gw the Cudgeler (Ogre Gladiator)                    Turns: 1649, Time: 00:01:15

Health: -5/37      AC:  3    Str: 20    XL:     3   Next: 95%
Magic:  3/3        EV: 10    Int:  7    God:
Gold:   25         SH:  0    Dex: 11    Spells: 0 memorised, 2 levels left

rFire  . . .     SeeInvis .     a - +0 flail
rCold  . . .     Clarity  .     b - +0 robe
rNeg   . . .     SustAt   .     (no shield)
rPois  .         Gourm    .     c - +0 hat
rElec  .         Spirit   .     (no cloak)
rCorr  .         Warding  .     (gloves unavailable)
rMut   .         Stasis   .     (boots unavailable)
MR     .....                    (no amulet)
Stlth  +.........               (no ring)
                                (no ring)

@: lethally poisoned (-5 -> -14), not resistant to hostile enchantments, very
unstealthy
A: unfitting armour, tough skin 1
a: no special abilities


You were on level 2 of the Dungeon.
You were not hungry.

You visited 1 branch of the dungeon, and saw 2 of its levels.

You collected 25 gold pieces.

Inventory:

Hand Weapons
 a - a +0 flail (weapon)
Missiles
 d - 3 throwing nets
 f - 18 stones (quivered)
 g - 6 curare-tipped needles
Armour
 b - a +0 robe (worn)
 c - a +0 hat (worn)
Comestibles
 e - 3 bread rations


   Skills:
 + Level 3.3 Fighting
 * Level 5.0 Maces & Flails
 + Level 2.6 Throwing
 + Level 3.0 Dodging


You had 2 spell levels left.
You didn't know any spells.

Dungeon Overview and Level Annotations

Branches:
Dungeon (2/15)

Altars:

Annotations:
D:2 Terence


Innate Abilities, Weirdness & Mutations

You are too large for most types of armour.
You have tough skin (AC +1).


Message History

Terence closely misses you.
Unknown command.
Unknown command.
Unknown command.
Unknown command.
ATTACK MOVE TO (-1,1)
You hit Terence but do no damage.
Terence is lightly wounded.
Terence hits you with a trident of venom!
You are lethally poisoned!
Unknown command.
Unknown command.
Unknown command.
Unknown command.
ATTACK MOVE TO (-1,1)
You thump Terence!
Terence is heavily wounded.
You feel sick.
Terence hits you with a trident of venom.
You die...

...######## #..#......#
. #..#>.....+ ..
###..#......# ...
....#.#....# ..
##.##<+%.(.+
#.#####.....#O(..######
#....)......@...........
#.#########.####........
# #... .........
######........ #........
#........ #........
.......


You could see Terence.

Table legend:
 A = Turns spent in this place as a percentage of turns spent in the entire game.
 B = Non-inter-level travel turns spent in this place as a percentage of non-inter-level travel turns spent in the entire game.
 C = Inter-level travel turns spent in this place as a percentage of turns spent in this place.
 D = Turns resting spent in this place as a percentage of non-inter-level travel turns spent in this place.
 E = Turns spent auto-exploring this place as a percentage of non-inter-level travel turns spent in this place.
 F = Non-inter-level travel turns spent in this place divided by the number of levels of this place that you've seen.
                   A       B       C       D       E      F
               +-------+-------+-------+-------+-------+----------------------
         Total | 100.0 | 100.0 |   0.5 |   0.9 |   2.1 | 925.5
       Dungeon | 100.0 | 100.0 |   0.5 |   0.9 |   2.1 | 925.5
               +-------+-------+-------+-------+-------+----------------------

Table legend:
 A = Kills in this place as a percentage of kills in entire the game.
 B = Kills by you in this place as a percentage of kills by you in the entire game.
 C = Kills by friends in this place as a percentage of kills by friends in the entire game.
 D = Other kills in this place as a percentage of other kills in the entire game.
 E = Experience gained in this place as a percentage of experience gained in the entire game.
 F = Experience gained in this place divided by the number of levels of this place that you have seen.
                   A       B       C       D       E      F
               +-------+-------+-------+-------+-------+----------------------
         Total | 100.0 | 100.0 |  -nan |  -nan | 100.0 |  40.0
       Dungeon | 100.0 | 100.0 |  -nan |  -nan | 100.0 |  40.0
               +-------+-------+-------+-------+-------+----------------------

Vanquished Creatures
  2 gnolls
  2 oozes (D:1)
  A worm (D:2)
  2 giant geckos (D:1)
  2 goblins (D:1)
  2 jackals (D:1)
  6 kobolds
  2 bats (D:1)
  3 giant newts (D:1)
  3 rats
25 creatures vanquished.

Notes
Turn   | Place    | Note
--------------------------------------------------------------
     0 | D:1      | gw the Ogre Gladiator began the quest for the Orb.
     0 | D:1      | Reached XP level 1. HP: 22/22 MP: 1/1
   300 | D:1      | Reached XP level 2. HP: 31/31 MP: 2/2
   449 | D:1      | Reached XP level 3. HP: 17/37 MP: 3/3
  1543 | D:2      | Noticed Terence
  1571 | D:2      | Reached skill level 5 in Maces & Flails
  1649 | D:2      | HP: 1/37 [poisoned by Terence]
  1649 | D:2      | Slain by Terence

Action                   || total
-------------------------++-------
Melee: Flail             ||    64
Throw: Stone             ||    33
  Eat: Chunk             ||     2

Vault maps used:
D:1:      dpeg_arrival_another_circle
D:2:      led_sif_pool, first_bread, uniq_terence
